 Dungeon Crawl Stone Soup version 0.29.1-12-g30fa7ad0bf (webtiles) character file.

Game seed: 15631872464442009380

59 kingofthe the Stinger (level 3, 0/28 HPs)
             Began as a Deep Elf Venom Mage on Jan 15, 2023.
             Succumbed to an adder's poison
             ... on level 2 of the Dungeon.
             The game lasted 00:06:22 (1608 turns).

kingofthe the Stinger (Deep Elf Venom Mage)         Turns: 1608, Time: 00:06:23

Health: 0/28       AC: 21    Str: 11    XL:     3   Next: 78%
Magic:  0/10       EV:  2    Int: 19    God:
Gold:   68         SH:  0    Dex: 17    Spells: 6/9 levels left

rFire   . . .      SeeInvis .   f - +2 whip (venom)
rCold   . . .      Faith    .   (no shield)
rNeg    . . .      Spirit   .   (body armour currently unavailable)
rPois   +          Reflect  .   (helmet currently unavailable)
rElec   .          Harm     .   (cloak currently unavailable)
rCorr   .          Rampage  .   (gloves currently unavailable)
Will    .....      NoTele   +   (boots currently unavailable)
Stlth   +++.......              (no amulet)
HPRegen 0.09/turn               e - +6 ring of strength
MPRegen 0.12/turn               (no ring)

@: lethally poisoned (0 -> -7), tree-form
A: stationary, stasis, torment immunity, boosted hp
a: no special abilities


You were on level 2 of the Dungeon.
You were a tree.
You visited 1 branch of the dungeon, and saw 2 of its levels.

You collected 68 gold pieces.

Inventory:

Hand Weapons
 d - a +0 dagger
 f - a +2 whip of venom (weapon)
Armour
 a - a +0 robe (melded)
 j - a +0 buckler
Jewellery
 e - a +6 ring of strength (left branch)
Scrolls
 c - a scroll of teleportation {unknown}
 i - 3 scrolls of identify {unknown}
 k - 2 scrolls of magic mapping {unknown}
Potions
 b - a potion of magic
 g - a potion of berserk rage {unknown}
 h - a potion of lignification


   Skills:
 + Level 3.6 Dodging
 - Level 3.5 Stealth
 + Level 3.5 Spellcasting
 - Level 1.1 Transmutations
 + Level 0.0 Air Magic
 + Level 3.7 Poison Magic


You had 6 spell levels left.
You knew the following spells:

 Your Spells              Type           Power      Damage    Failure   Level
a - Sting                 Tmut/Pois      48%        1d5       5%          1
b - Poisonous Vapours     Pois/Air       20%        N/A       10%         2

Your spell library contained the following spells:

 Spells                   Type           Power      Damage    Failure   Level
 Ignite Poison            Fire/Tmut/Pois 9%         N/A       22%         3
 Mephitic Cloud           Conj/Pois/Air  8%         N/A       26%         3
 Olgreb's Toxic Radiance  Pois           17%        N/A       30%         4
 Conjure Flame            Conj/Fire      3%         6-21      41%         3
 Sticky Flame             Conj/Fire      3%         2d3       82%         4


Dungeon Overview and Level Annotations

Branches:
Dungeon (2/15)

Altars:


Message History

The sting hits the adder.
The adder is poisoned.
The adder is lightly wounded.
The adder bites you.
You are poisoned.
The adder poisons you!
Casting: Sting (safe; 5% risk of failure)
Confirm with . or Enter, or press ? or * to list all spells.
Aiming: Sting (safe; 5% risk of failure)
Press: ? - help, Shift-Dir - straight line, f/p - adder
Aim: an adder (lightly wounded, poisoned, 53% to hit)
The sting misses the adder.
You feel sick. The adder bites you.
You are more poisoned.
The adder poisons you!
Casting: Sting (safe; 5% risk of failure)
Confirm with . or Enter, or press ? or * to list all spells.
Aiming: Sting (safe; 5% risk of failure)
Press: ? - help, Shift-Dir - straight line, f/p - adder
Aim: an adder (lightly wounded, poisoned, 53% to hit)
The sting hits the adder.
The adder looks even sicker.
The adder is heavily wounded.
You feel sick. The adder barely misses you.
Casting: Sting (safe; 5% risk of failure)
Confirm with . or Enter, or press ? or * to list all spells.
Aiming: Sting (safe; 5% risk of failure)
Press: ? - help, Shift-Dir - straight line, f/p - adder
Aim: an adder (severely wounded, very poisoned, 53% to hit)
The sting misses the adder.
You feel sick. The adder closely misses you. The adder bites you.
You are lethally poisoned!
The adder poisons you!
* * * LOW HITPOINT WARNING * * *
You feel sick.
It was a potion of lignification.
You turn into a tree.
Your +0 robe melds into your body.
Your roots penetrate the ground.
* * * LOW HITPOINT WARNING * * *
You feel sick. The adder bites you.
* * * LOW HITPOINT WARNING * * *
You closely miss the adder.
The adder is almost dead.
You die...

# ##.###.# #........
####...##.########...####
'.......................+
####...##>########...####
# ##.###.# ##..# ### #.#
#####.# #.# #.....# ###.#
#.##### #...# #♣#
######### #.### #S#
#.......# ## #.#
##g###.......# # .# #.#
##...##.......#.... .#
#.# ##....†#..S.........
.# #.#
#........g.....#....
.######.#
##.....#.......# .
........# ##...##.......#
.######## ##.###########


You could see an adder (very poisoned) and a hobgoblin.

Vanquished Creatures
  An adder (D:2)
  A gnoll (D:2)
  A dart slug (D:1)
  2 endoplasms
  3 giant cockroaches
  2 hobgoblins
  2 quokkas (D:1)
  4 ball pythons
  2 bats
  A frilled lizard (D:1)
  8 goblins (D:1)
  5 kobolds
  5 rats
37 creatures vanquished.

Notes
Turn   | Place    | Note
-------+----------+-------------------------------------------
     0 | D:1      | kingofthe the Deep Elf Venom Mage began the quest for the
                  | Orb.
     0 | D:1      | Reached XP level 1. HP: 10/10 MP: 6/6
   194 | D:1      | Reached XP level 2. HP: 15/15 MP: 5/8
   269 | D:1      | Learned a level 2 spell: Poisonous Vapours
   692 | D:1      | Reached XP level 3. HP: 19/19 MP: 3/9
  1608 | D:2      | Succumbed to an adder's poison

Illustrated notes

Levels and vault maps discovered:
D:1:      dpeg_arrival_lava_altar, layout_rooms
D:2:      layout_loops_corners, bh_walls_and_bars

Skill      XL: |  1  2 |
---------------+-------+-----
Dodging        | 3 |  3.6
Stealth        | 3 |  3.5
Spellcasting   | |  3.5
Transmutations | |  1.1
Poison Magic   | |  3.7

Action                   || total
-------------------------++-------
Melee: Whip              ||    10
 Cast: Sting             ||    35
       Poisonous Vapours ||    32
  Use: Potion            ||     1
Armor: Robe              ||     2
Dodge: Dodged            ||    10
